 Dungeon Crawl Stone Soup version 0.28.0-43-g3370ac3207 (webtiles) character file.

Game seed: 2806506905335220908

17 Descartes the Caller (level 2, -2/12 HPs)
             Began as a Felid Wanderer on Mar 22, 2022.
             Frozen to death by an endoplasm (5 damage)
             ... on level 1 of the Dungeon.
             The game lasted 00:01:41 (721 turns).

Descartes the Caller (Felid Wanderer)                Turns: 721, Time: 00:01:42

Health: -2/12      AC:  1    Str: 11    XL:     2   Next: 44%
Magic:  4/7        EV: 16    Int: 13    God:
Gold:   27         SH:  0    Dex: 12    Spells: 6/7 levels left
                                        Lives:  0   Deaths: 0

rFire   . . .      SeeInvis +   (weapon unavailable)
rCold   . . .      Faith    .   (shield unavailable)
rNeg    . . .      Spirit   .   (armour unavailable)
rPois   .          Reflect  .   (helmet unavailable)
rElec   .          Harm     .   (cloak unavailable)
rCorr   .          Rampage  .   (gloves unavailable)
Will    .....                   (boots unavailable)
Stlth   ++........              (no amulet)
HPRegen 0.04/turn               (no ring)
MPRegen 0.10/turn               (no ring)

@: quick
A: very small, claws 1, fangs 3, see invisible, speed 1, shaggy fur 1, stealthy
paws, no weapons or thrown items, no armour, multi-lived
a: no special abilities


You were on level 1 of the Dungeon.
You visited 1 branch of the dungeon, and saw 1 of its levels.

You collected 27 gold pieces.

Inventory:

Missiles
 c - 58 stones
Scrolls
 a - 2 scrolls of fog
Potions
 d - 2 potions of heal wounds {unknown}
Miscellaneous
 b - a piece from Xom's chessboard (15/15)


   Skills:
 - Level 1.0 Fighting
 + Level 1.9 Dodging
 + Level 1.2 Stealth
 + Level 0.7 Unarmed Combat
 - Level 3.0 Spellcasting
 - Level 3.0 Summonings
 + Level 1.2 Translocations
 + Level 0.8 Transmutations
 - Level 2.1 Evocations


You had 6 spell levels left.
You knew the following spells:

 Your Spells              Type           Power      Damage    Failure   Level
a - Summon Small Mammal   Summ           36%        N/A       7%          1

Your spell library contained the following spells:

 Spells                   Type           Power      Damage    Failure   Level
 Call Imp                 Summ           9%         N/A       10%         2
 Summon Ice Beast         Ice/Summ       5%         N/A       77%         4


Dungeon Overview and Level Annotations

Branches:
Dungeon (1/15)

Altars:


Innate Abilities, Weirdness & Mutations

You have sharp claws.
You have razor-sharp teeth.
You have supernaturally acute eyesight. (SInv)
You cover ground quickly. (Speed+)
You are covered in fur. (AC +1)
Your paws help you pounce on unaware monsters.
You are incapable of wielding weapons or throwing items.
You cannot wear armour.
You gain extra lives every three experience levels.


Message History

Your rat dies!
Your rat's corpse disappears in a puff of smoke!
Casting: Summon Small Mammal (safe; 7% risk of failure)
Confirm with . or Enter, or press ? or * to list all spells.
You miscast Summon Small Mammal.
You are very lightly contaminated with residual magic.
Nothing appears to happen.
The bat misses you.
Casting: Summon Small Mammal (safe; 7% risk of failure)
Confirm with . or Enter, or press ? or * to list all spells.
The bat barely misses you. The bat hits you. The endoplasm freezes you.
You are frozen.
Your bat barely misses the bat.
Casting: Summon Small Mammal (safe; 7% risk of failure)
Confirm with . or Enter, or press ? or * to list all spells.
The bat misses you.
Your bat hits the bat. The endoplasm closely misses you.
You scratch the endoplasm.
The endoplasm is severely wounded.
Your bat hits the bat. The bat barely misses you. The endoplasm freezes you.
You are frozen.
* * * LOW HITPOINT WARNING * * *
The bat hits your bat but does no damage.
You scratch the bat but do no damage. Your claw misses the bat.
The bat is severely wounded.
Your bat barely misses the bat.
The bat closely misses you. The endoplasm misses you.
The bat hits you but does no damage.
Your bat barely misses the bat.
You scratch the bat.
You kill the bat!
Your bat barely misses the endoplasm.
Your bat hits the endoplasm but does no damage.
The endoplasm closely misses your bat.
Your magical contamination has completely faded away.
You scratch the endoplasm.
The endoplasm is severely wounded.
Your bat hits the endoplasm. The endoplasm freezes you.
You are frozen.
You die...

.# ### #####
#######.####..
#...####.......##.... .
#...#................
..###...#.#......# ####..
........#.#......###.....
........#....#...†.......
.......Jb.#..#...........
.......r@....#...........
...#....†.....†#####.####
#........................
#....................#...
#..........#.#...........
#..........#.#.......#...
#......#####.######### ##
...... ..# ..


You could see an endoplasm (ally target), a friendly bat (summoned) and a
friendly rat (summoned).

Vanquished Creatures
  2 ball pythons (D:1)
  A goblin (D:1)
  A hobgoblin (D:1)
  A jackal (D:1)
  2 bats (D:1)
7 creatures vanquished.

Vanquished Creatures (collateral kills)
  An endoplasm (D:1)
  A giant cockroach (D:1)
  A hobgoblin (D:1)
  3 jackals (D:1)
  A rat (D:1)
7 creatures vanquished.

Grand Total: 14 creatures vanquished

Notes
Turn   | Place    | Note
-------+----------+-------------------------------------------
     0 | D:1      | Descartes the Felid Wanderer began the quest for the Orb.
     0 | D:1      | Descartes set off with the following items: a scroll of
                  | fog, a piece from Xom's chessboard (15/15); and the
                  | following spell memorised: Summon Small Mammal; and the
                  | following spells available to memorise: Call Imp, Summon
                  | Ice Beast
     0 | D:1      | Reached XP level 1. HP: 9/9 MP: 5/5
    65 | D:1      | Reached skill level 1 in Stealth
    65 | D:1      | Reached skill level 1 in Translocations
    65 | D:1      | Reached XP level 2. HP: 4/12 MP: 1/7
   721 | D:1      | Frozen to death by an endoplasm

Illustrated notes

Levels and vault maps discovered:
D:1:      dpeg_arrival_rooms_c, layout_basic, serial_shops, shop,
          chequers_jeans, kennysheep_small_spiral, minmay_misc_feat_tower

Skill      XL: |  1 |
---------------+----+-----
Stealth        | 1 |  1.2
Translocations | 1 |  1.2
Fighting       | |  1.0
Dodging        | |  1.9
Unarmed Combat | |  0.7
Spellcasting   | |  3.0
Summonings     | |  3.0
Transmutations | |  0.8
Evocations     | |  2.1

Action                   || total
-------------------------++-------
Melee: Unarmed           ||    41
       Bite              ||     4
 Cast: Summon Small Mamm ||    19
Armor: Skin              ||     4
Dodge: Dodged            ||    39
